Map: Lightshade LE

Players

HeroMarine

  • Race: Terran Terran
  • League: Grandmaster
  • Spawn Location: 11:00

LiquidClem (Clem) - Winner!

  • Race: Terran Terran
  • League: Grandmaster
  • Spawn Location: 5:00

Event: DreamHack SC2 Masters 2020 Winter

VOD

Have the link to the VOD?

Description

Time

  • Played on: Nov. 7, 2020, 2:03 p.m.
  • Length: 6:31

All games in this series

Show
View Real Time Build Order
Export as new Build Order

HeroMarine Terran 

Build Orders:  

Get SALT Encoding   

  12  0:00  SCV  
  13  0:12  SCV  
  14  0:17  Supply Depot  
  14  0:24  SCV  
  15  0:38  SCV  
  15  0:40  Barracks  
  16  0:44  Refinery  
  16  0:50  SCV  
  16  0:53  Refinery  
  17  1:02  SCV  
  18  1:14  SCV  
  19  1:27  Orbital Command, Reaper  
  19  1:31  Supply Depot  
  20  1:42  Factory  
  20  1:52  SCV  
  21  1:59  Reaper  
  22  2:04  SCV  
  22  2:16  SCV  
  23  2:26  Command Center, Hellion  
  23  2:29  SCV  
  26  2:31  Barracks Reactor  
  26  2:39  Supply Depot  
  26  2:41  SCV  
  27  2:47  Widow Mine  
  29  2:53  SCV  
  29  2:54  Starport  
  30  3:05  SCV  
  31  3:08  Marine x2  
  31  3:09  Factory Tech Lab  
  33  3:17  SCV  
  34  3:25  Marine  
  34  3:26  Marine  
  36  3:27  Cyclone  
  36  3:32  Starport Tech Lab  
  39  3:37  SCV  
  39  3:38  Orbital Command  
  40  3:43  Marine x2  
  40  3:47  Refinery  
  42  3:49  SCV  
  42  3:51  Raven  
  45  4:02  SCV  
  46  4:04  SCV  
  49  4:10  Supply Depot  
  49  4:14  SCV  
  49  4:15  Siege Tank  
  49  4:16  SCV  
  52  4:18  Marine x2  
  52  4:22  Supply Depot  
  54  4:26  SCV  
  54  4:31  SCV  
  54  4:35  Marine  
  54  4:36  Marine  
  54  4:38  SCV  
  58  4:39  Raven  
  58  4:44  SCV  
  61  4:50  SCV  
  61  4:51  Command Center  
  62  4:56  SCV  
  62  5:00  Marine x2, Siege Tank  
  62  5:02  SCV  
  62  5:04  Supply Depot  
  68  5:08  SCV  
  69  5:14  SCV  
  70  5:22  Marine  
  70  5:25  Marine, SCV  
  70  5:26  SCV  
  71  5:35  Siege Tank  
  61  5:36  Raven  
  61  5:37  SCV  
  61  5:38  SCV  
  61  5:40  Marine  
  64  5:48  Marine  
  64  5:49  SCV  
  60  5:50  SCV  
  61  5:58  Marine  
  61  6:01  SCV  
  61  6:03  SCV  
  56  6:07  Marine  
  58  6:13  SCV  
  58  6:15  SCV  
  59  6:23  Barracks  
  54  6:26  Barracks  
Show
View Real Time Build Order
Export as new Build Order

LiquidClem Terran - Winner!

Build Orders:  

Get SALT Encoding   

  12  0:00  SCV  
  13  0:12  SCV  
  14  0:16  Supply Depot  
  14  0:24  SCV  
  15  0:38  SCV  
  15  0:39  Barracks  
  16  0:44  Refinery  
  16  0:50  SCV  
  16  0:52  Refinery  
  17  1:02  SCV  
  18  1:15  SCV  
  19  1:26  Reaper  
  19  1:27  Supply Depot, Orbital Command  
  20  1:41  Factory  
  20  1:53  SCV  
  21  1:58  Reaper  
  22  2:05  SCV  
  22  2:18  SCV  
  22  2:22  Command Center  
  23  2:27  Hellion  
  25  2:33  SCV  
  26  2:38  Barracks Reactor  
  26  2:40  Starport  
  26  2:45  SCV  
  26  2:48  Supply Depot  
  27  2:52  Widow Mine  
  27  2:57  SCV  
  30  3:09  SCV  
  31  3:13  Factory Tech Lab  
  31  3:14  Marine x2  
  31  3:17  Starport Tech Lab  
  33  3:21  SCV  
  33  3:22  Refinery  
  34  3:31  Cyclone  
  34  3:34  SCV, Banshee  
  41  3:42  Orbital Command  
  41  3:46  SCV  
  41  3:47  Marine  
  43  3:49  Marine  
  43  3:55  Supply Depot  
  44  3:58  SCV  
  45  4:04  Siege Tank  
  45  4:07  SCV  
  49  4:10  SCV  
  49  4:12  Marine  
  49  4:15  Marine  
  52  4:21  Raven  
  52  4:24  SCV x2  
  56  4:32  Supply Depot  
  56  4:35  Marine  
  56  4:36  SCV, Siege Tank  
  56  4:37  Marine  
  62  4:46  Supply Depot  
  62  4:54  SCV x2  
  61  5:05  Marine x2, Command Center  
  61  5:06  SCV  
  64  5:07  Raven  
  64  5:08  SCV  
  67  5:16  Supply Depot  
  67  5:17  Siege Tank  
  67  5:19  SCV  
  71  5:26  Marine  
  71  5:27  SCV  
  72  5:31  SCV  
  72  5:33  Marine  
  67  5:43  Marine  
  67  5:45  SCV  
  66  5:50  Barracks x2  
  66  5:51  Marine  
  66  5:53  Siege Tank  
  66  5:55  SCV  
  72  5:58  SCV  
  72  6:03  Marine  
  71  6:07  SCV  
  71  6:09  Marine  
  71  6:10  SCV  
  72  6:28  Refinery  
Tags
 
Add a new tag
Caveats
  • Supply blocks, unpowered buildings, or Contaminate may cause inaccurate times.
  • Supply counts are checked every 10 seconds.